 Dungeon Crawl Stone Soup version 0.26.0-18-gc5c842f807 (webtiles) character file.

Game seed: 10428891191866762255

177 seandewar5 the Bolt Thrower (level 5, 0/30 HPs)
             Began as a Kobold Arcane Marksman on Jan 23, 2021.
             Slain by a gnoll shaman
             ... wielding a +0 club
              (5 damage)
             ... on level 3 of the Dungeon.
             The game lasted 00:39:10 (4591 turns).

seandewar5 the Bolt Thrower (KoAM)                  Turns: 4591, Time: 00:39:10

Health: 0/30       AC:  5    Str:  9    XL:     5   Next: 88%
Magic:  7/8        EV: 15    Int: 14    God:
Gold:   176        SH:  0    Dex: 15    Spells: 5/8 levels left

rFire    + . .     SeeInvis .   b - +0 hand crossbow
rCold    . . .     Faith    .   (shield restricted)
rNeg     . . .     Spirit   .   n - +2 leather armour {rF+}
rPois    .         Reflect  .   (no helmet)
rElec    .         Harm     .   (no cloak)
rCorr    .         Rampage  .   (no gloves)
Will     .....                  (no boots)
Stlth    +.........             (no amulet)
HPRegen  0.10/turn              (no ring)
MPRegen  0.11/turn              (no ring)

@: glowing
A: small, nightstalker 3
a: no special abilities


You were on level 3 of the Dungeon.
You visited 1 branch of the dungeon, and saw 4 of its levels.

You collected 176 gold pieces.

Inventory:

Hand Weapons
 a - a +0 hunting sling
 b - a +0 hand crossbow (weapon)
 c - a +0 short sword
Missiles
 d - 29 bolts (quivered ammo)
 o - 24 sling bullets
 p - 18 stones
 q - 6 poisoned darts
Armour
 n - a +2 leather armour of fire resistance (worn)
Jewellery
 r - an uncursed amulet of guardian spirit {unknown}
Scrolls
 f - 2 scrolls of remove curse
 h - 2 scrolls of teleportation
Potions
 g - a potion of mutation
 j - a potion of attraction {unknown}
 k - 2 potions of curing
 l - a potion of magic {unknown}
 m - a potion of haste
 s - 2 potions of brilliance
 t - a potion of resistance


   Skills:
 + Level 2.3 Fighting
 - Level 1.0 Short Blades
 * Level 3.9 Crossbows
 + Level 3.3 Dodging
 + Level 2.6 Stealth
 + Level 2.1 Spellcasting
 + Level 3.5 Hexes


You had 5 spell levels left.
You knew the following spells:

 Your Spells              Type           Power        Failure   Level
a - Corona                Hex            12%          8%          1
b - Slow                  Hex            11%          12%         2

Your spell library contained the following spells:

 Spells                   Type           Power        Failure   Level
 Inner Flame              Hex/Fire       6%           43%         3
 Portal Projectile        Hex/Tloc       12%          43%         3
 Cause Fear               Hex            5%           61%         4
 Leda's Liquefaction      Hex/Erth       3%           85%         4


Dungeon Overview and Level Annotations

Branches:
Dungeon (4/15)
 Temple: D:4-7

Altars:
Xom
The Shining One

Annotations:
D:4 Edmund, Sigmund


Innate Abilities, Weirdness & Mutations

You are small and have problems with some larger weapons.
You are completely attuned to the shadows.


Message History

Okay, then.
Okay, then.
Evoke which item? (* to show all) (? for menu, Esc to quit)
Okay, then.
Fire: 31 bolts
Press: ? - help, Q - select action, (/) - cycle Shift-Dir - straight line, f/p - gnoll shaman
Aim: a gnoll shaman, wielding a +0 club and wearing a +0 leather armour (almost dead, softly glowing)
You shoot a bolt.
The bolt hits the gnoll shaman but does no damage.
The gnoll shaman is almost dead.
The gnoll shaman hits you with a +0 club.
* * * LOW HITPOINT WARNING * * *
Fire: 30 bolts
Press: ? - help, Q - select action, (/) - cycle Shift-Dir - straight line, f/p - gnoll shaman
Aim: a gnoll shaman, wielding a +0 club and wearing a +0 leather armour (almost dead, softly glowing)
You shoot a bolt.
The bolt hits the gnoll shaman but does no damage.
The gnoll shaman is almost dead.
The gnoll shaman hits you with a +0 club.
You die...

# # # #### #... ####
######... #..## ###
#....#... ##..### #@##
#####.##.#... #....## #g.#
#........#..# ##....#
#(.###........#.#. ###..#
##............##..
#..####).###........####
#........###........##..
##.##.............<.#.#.
##..................#..#
###...)...............#...


You could see a gnoll shaman (corona).

Vanquished Creatures
  A bullfrog skeleton (D:4)
  An iguana (D:4)
  A hound skeleton (D:4)
  4 adders
  An ooze (D:2)
  3 worms
  A dart slug (D:1)
  2 leopard geckos
  4 orcs (D:4)
  A giant cockroach (D:1)
  5 goblins
  8 hobgoblins
  4 jackals (D:3)
  5 kobolds
  3 quokkas
  A ball python (D:3)
  A bat (D:1)
  A frilled lizard (D:1)
  10 rats
57 creatures vanquished.

Notes
Turn   | Place    | Note
-------+----------+-------------------------------------------
     0 | D:1      | seandewar5 the Kobold Arcane Marksman began the quest for
                  | the Orb.
     0 | D:1      | Reached XP level 1. HP: 12/12 MP: 2/2
    80 | D:1      | Reached XP level 2. HP: 8/16 MP: 3/3
   978 | D:1      | Reached skill level 1 in Stealth
  1277 | D:2      | Reached XP level 3. HP: 10/20 MP: 1/5
  1931 | D:2      | Reached XP level 4. HP: 17/25 MP: 3/6
  2276 | D:2      | Reached skill level 1 in Short Blades
  2651 | D:2      | Found a shimmering altar of Xom.
  2868 | D:2      | Found a glowing golden altar of the Shining One.
  2974 | D:2      | Learned a level 2 spell: Slow
  3817 | D:4      | Reached XP level 5. HP: 26/30 MP: 5/8
  4439 | D:4      | Noticed Edmund
  4452 | D:4      | Noticed Sigmund
  4591 | D:3      | Slain by a gnoll shaman

Illustrated notes

Levels and vault maps discovered:
D:1:      saegor_arrival_simple_a, layout_loops_ring
D:2:      layout_basic, nicolae_tso_swordbearing_angel, grunt_decor_fettered,
          xom_teletrap_fun
D:3:      layout_rooms, hangedman_decor_diamond_cutter, minmay_tree_intersection
D:4:      layout_basic, lemuel_round_altar, sigmund_edmund_badplayer

Skill      XL: |  1  2  3  4  5 |
---------------+----------------+-----
Stealth        | 1 2 |  2.6
Crossbows      | 3 |  3.9
Short Blades   | 1 |  1.0
Dodging        | 3 |  3.3
Spellcasting   | 2 |  2.1
Fighting       | 2 |  2.3
Hexes          | |  3.5

Action                   |  1- 3 |  4- 6 || total
-------------------------+-------+-------++-------
Melee: Club              |     4 |       ||     4
       Short sword       |    32 |    29 ||    61
 Fire: Hand crossbow     |    16 |    24 ||    40
       Hunting sling     |    38 |   106 ||   144
Throw: Dart              |       |     1 ||     1
 Cast: Corona            |    19 |    31 ||    50
  Use: Scroll            |       |     7 ||     7
 Stab: Sleeping          |     2 |       ||     2
Armor: Leather armour    |     5 |    23 ||    28
Dodge: Dodged            |    42 |    91 ||   133
